 Dungeon Crawl Stone Soup version 0.30.1-11-g7821555f0a (webtiles) character file.

Game seed: 16184807308798765549

1466 strifetoe the Cleaver (level 8, -5/66 HPs)
             Began as an Armataur Berserker on Nov 2, 2023.
             Was a Priest of Trog.
             Killed from afar by a steam dragon (25 damage)
             ... with a ball of steam
             ... on level 6 of the Dungeon.
             The game lasted 00:07:52 (5070 turns).

strifetoe the Cleaver (Armataur Berserker)          Turns: 5070, Time: 00:07:53

Health: -5/66      AC: 13    Str: 25    XL:     8   Next: 48%
Magic:  8/8        EV:  6    Int:  7    God:    Trog [***...]
Gold:   210        SH:  0    Dex: 10    Spells: 7/7 levels left

rFire   . . .        d - +4 short sword
rCold   . . .        (no shield)
rNeg    . . .        v - +0 storm dragon scales
rPois   .            (no helmet)
rElec   +            y - +2 cloak
rCorr   .            z - +0 pair of gloves
SInv    .            (no barding)
Will    .....        u - amulet of regeneration Stlth
                     s - +4 ring of slaying
HPRegen 1.11/turn    (no ring)
MPRegen 0.11/turn

%: roll
@: no status effects
A: large, rugged brown scales 3, deformed body, armoured tail, roll, long
tongue, awkward tongue
a: Renounce Religion, Berserk, Trog's Hand


You were on level 6 of the Dungeon.
You worshipped Trog.
Trog was most pleased with you.
You visited 1 branch of the dungeon, and saw 6 of its levels.

You collected 210 gold pieces.

Inventory:

Hand Weapons
 a - a +0 hand axe
 d - a +4 short sword (weapon)
Armour
 j - a +1 pair of gloves
 o - a +0 plate armour
 v - +0 storm dragon scales (worn)
 y - a +2 cloak (worn)
 z - a +0 pair of gloves (worn)
Jewellery
 n - an amulet of faith
 s - a +4 ring of slaying (left hand)
 u - an amulet of regeneration (around neck)
Wands
 q - a wand of polymorph (10)
Scrolls
 b - 2 scrolls of enchant armour
 e - a scroll of enchant weapon {unknown}
 f - 2 scrolls of poison
 l - 4 scrolls of teleportation
 m - a scroll of identify
Potions
 c - a potion of might
 g - 3 potions of curing
 h - a potion of berserk rage
 i - 2 potions of flight
 k - a potion of mutation {unknown}
 p - 2 potions of ambrosia {unknown}
 r - a potion of haste {unknown}
 t - a potion of heal wounds {unknown}
 w - a potion of lignification {unknown}
 x - a potion of magic {unknown}


   Skills:
 - Level 2.6 Fighting
 + Level 9.3 Axes
 - Level 2.4 Armour
 - Level 1.3 Dodging


You had 7 spell levels left.
You didn't know any spells.
Your spell library was empty.

Dungeon Overview and Level Annotations

Branches:
Dungeon (6/15)
 Temple: D:4-7

Altars:
Ru
Trog
Wu Jian
Xom
Yredelemnul

Shops:
D:4 :

Annotations:
D:6 Menkaure


Innate Abilities, Weirdness & Mutations

You are completely covered in rugged brown scales. (AC +3, +7% HP)
Armour fits poorly on your strangely shaped body.
You have a long armoured tail.
You roll when moving toward enemies. (Rampage)
Your long tongue fully drains potion bottles. (2x potion effects)
Your tongue gives you trouble enunciating. (1.5x scroll delay)


Message History

There is a stone staircase leading up here.
p - 2 lumpy dark potions (gained 1)
You see here a +0 dagger of draining.
You now have 210 gold pieces (gained 9).
Blork the orc comes into view.
He is wielding a +0 halberd.
Blork the orc shouts!
You hear a shout!
Blork the orc is nearby!
Blork the orc is nearby!
A steam dragon comes into view.
Found 3 clear potions.
Blork the orc casts a spell at you. The magic dart hits you.
Aiming: Polymorph
Press: ? - help, Shift-Dir - straight line, f - Blork the orc
Aim: Blork the orc, wielding a +0 halberd and wearing a +0 robe (will become a swamp drake, an iguana, or a ball python, chance to affect: 49%) Blork the orc evaporates and reforms as a ball python!
The steam dragon breathes steam at you.
The ball of steam hits Blork!
Blork dies!
Blork returns to his original shape as he dies.
The ball of steam hits you!
No target in view!
No target in view!
Unknown command.
No target in view!
Menkaure, Prince of Dust comes into view.
You are engulfed in a cloud of scalding steam.
Menkaure shouts!
You are engulfed in a cloud of scalding steam. 2 gnolls come into view.
You see here the orc corpse of Blork. 2 gnolls come into view.
You are engulfed in a cloud of scalding steam.
The gnoll shouts! x4
Menkaure calls on the powers of darkness!
Your body is wracked with pain!
The steam dragon convulses!
The gnoll convulses! x4
The steam dragon breathes steam at you. The ball of steam hits you!!
You die...

.....####.##.#......###
#...#
#...).....<......##
#...
#.........#........#
#...................
#....................
#........##§§#.......
..........##.§..#.#.#
.#.#.......##§§###...
#.##########@§..M... #
#.D.§..## .§§..##..
.!.g..# # #...#...#
.#g#.g.... ...g ..#....
# .# .. # ..#.# .


You could see a steam dragon (catching breath), Menkaure and 4 gnolls.

Vanquished Creatures
  A wyvern (D:5)
  A black bear (D:5)
  An ice beast (D:5)
  3 ogres
  2 phantoms (D:5)
  A bullfrog (D:3)
  A gnoll sergeant (D:6)
  3 scorpions
  2 hounds
  3 orc priests
  Crazy Yiuf (D:4)
  An iguana (D:5)
  2 orc wizards (D:5)
  6 gnolls (D:6)
  3 adders
  A shadow imp (D:5)
  3 worms
  5 dart slugs
  7 orcs
  4 ball pythons
  5 endoplasms
  2 giant cockroaches (D:1)
  4 goblins
  8 hobgoblins
  9 jackals
  A quokka (D:2)
  13 bats
  6 frilled lizards
  10 kobolds
  8 rats
117 creatures vanquished.

Vanquished Creatures (others)
  A ball python (D:6)
1 creature vanquished.

Grand Total: 118 creatures vanquished

Notes
Turn   | Place    | Note
-------+----------+-------------------------------------------
     0 | D:1      | strifetoe the Armataur Berserker began the quest for the
                  | Orb.
     0 | D:1      | Reached XP level 1. HP: 19/19 MP: 1/1
   107 | D:1      | Reached XP level 2. HP: 26/26 MP: 2/2
   109 | D:1      | Reached skill level 3 in Axes
   489 | D:1      | Reached XP level 3. HP: 32/32 MP: 3/3
  1104 | D:2      | Reached ** piety under Trog
  1569 | D:2      | Reached skill level 4 in Axes
  1725 | D:2      | Reached XP level 4. HP: 21/39 MP: 4/4
  2136 | D:3      | Found a faded altar of an unknown god.
  2140 | D:3      | Found an ornate altar of the Wu Jian Council.
  2177 | D:3      | Noticed a bullfrog
  2181 | D:3      | Killed a bullfrog
  2182 | D:3      | Reached XP level 5. HP: 44/44 MP: 5/5
  2699 | D:4      | Found a bloodstained altar of Trog.
  2699 | D:4      | Found a basalt altar of Yredelemnul.
  2722 | D:4      | Reached skill level 5 in Axes
  2927 | D:4      | Found a runed translucent door.
  2928 | D:4      | Noticed Crazy Yiuf
  3340 | D:4      | Found Yllus's Book Shop.
  3414 | D:4      | Killed Crazy Yiuf
  3464 | D:5      | Entered Level 5 of the Dungeon
  3502 | D:4      | Reached XP level 6. HP: 46/53 MP: 6/6
  3655 | D:5      | Reached skill level 6 in Axes
  3662 | D:5      | Reached *** piety under Trog
  3812 | D:5      | Reached XP level 7. HP: 52/59 MP: 7/7
  3883 | D:5      | Reached skill level 7 in Axes
  3910 | D:5      | Noticed a wyvern
  3916 | D:5      | Killed a wyvern
  4009 | D:5      | Found a shimmering altar of Xom.
  4050 | D:5      | Reached skill level 8 in Axes
  4237 | D:5      | Reached XP level 8. HP: 55/66 MP: 8/8
  4741 | D:6      | Found a sacrificial altar of Ru.
  4772 | D:6      | Reached skill level 9 in Axes
  5065 | D:6      | Noticed Blork the orc
  5067 | D:6      | Blork the orc changed into Blork the ball python
  5067 | D:6      | Noticed Blork
  5067 | D:6      | Killed Blork the ball python
  5068 | D:6      | Noticed Menkaure
  5070 | D:6      | Killed from afar by a steam dragon

Illustrated notes

Levels and vault maps discovered:
D:1:      minmay_arrival_up_and_down, layout_rooms, nicolae_figureground_pulse
D:2:      layout_loops_corners
D:3:      layout_loops_cross, nicolae_overflow_ecumenical_swirl
D:4:      layout_basic, mainiacjoe_overflow_divided_tiny, serial_shops,
          nicolae_shop_stone, uniq_crazy_yiuf_cottage
D:5:      layout_cave_pods, xom_teletrap_fun, kennysheep_generic_room_13
D:6:      layout_loops_cross, hangedman_ru_absence,
          minmay_temple_entry_mini_moons, roderic_batcave, uniq_blork_the_orc,
          uniq_menkaure

Skill      XL: |  1  2  3  4  5  6  7  8 |
---------------+-------------------------+-----
Axes           | 3 4 5 6 8 9 |  9.3
Fighting       | |  2.6
Armour         | |  2.4
Dodging        | |  1.3

Action                     |  1- 3 |  4- 6 |  7- 9 || total
---------------------------+-------+-------+-------++-------
  Melee: Hand axe          |    81 |       |       ||    81
         Tailslap          |    11 |    22 |    22 ||    55
         Short sword       |    75 |    97 |   126 ||   298
         Punch             |     1 |     1 |       ||     2
 Invoke: Berserk           |       |     1 |     1 ||     2
  Evoke: Wand              |       |       |     1 ||     1
    Use: Scroll            |     6 |     4 |     3 ||    13
   Stab: Sleeping          |     1 |       |       ||     1
 Armour: Animal skin       |    62 |     3 |       ||    65
         Plate armour      |       |    51 |    90 ||   141
         Storm dragon scal |       |       |     1 ||     1
  Dodge: Dodged            |    77 |    28 |    39 ||   144
